 Dungeon Crawl Stone Soup version 0.31-a0-816-gd61d57ddb1 (webtiles) character file.

Game seed: 2965743492275996219

88 Maratek the Magician (level 4, -4/24 HPs)
             Began as a Deep Elf Earth Elementalist on Sept 22, 2023.
             Killed by nerve-wracking pain
             ... invoked by an orc priest
              (6 damage)
             ... on level 3 of the Dungeon.
             The game lasted 00:02:49 (1609 turns).

Maratek the Magician (Deep Elf Earth Elementalist)  Turns: 1609, Time: 00:02:50

Health: -4/24      AC:  2    Str:  5    XL:     4   Next: 30%
Magic:  9/12       EV: 13    Int: 22    God:
Gold:   61         SH:  0    Dex: 15    Spells: 11/12 levels left

rFire   . . .        (no weapon)
rCold   + . .        (no shield)
rNeg    . . .        a - +0 robe
rPois   .            (no helmet)
rElec   .            (no cloak)
rCorr   .            (no gloves)
SInv    .            (no boots)
Will    .....        (no amulet)
Stlth   ++           g - ring of protection from cold
HPRegen 0.24/turn    (no ring)
MPRegen 0.13/turn

%: no passive effects
@: no status effects
A: no striking features
a: no special abilities


You were on level 3 of the Dungeon.
You visited 1 branch of the dungeon, and saw 3 of its levels.

You collected 61 gold pieces.

Inventory:

Armour
 a - a +0 robe (worn)
Jewellery
 g - a ring of protection from cold (left hand)
Scrolls
 d - 3 scrolls of teleportation {unknown}
 e - a scroll of noise {unknown}
 f - a scroll of identify {unknown}
 h - a scroll of amnesia {unknown}
Potions
 c - a potion of resistance {unknown}
 i - a potion of enlightenment {unknown}


   Skills:
 + Level 0.1 Fighting
 + Level 2.8 Dodging
 + Level 2.4 Stealth
 + Level 4.6 Spellcasting
 + Level 1.1 Transmutations
 + Level 4.5 Earth Magic


You had 11 spell levels left.
You knew the following spells:

 Your Spells              Type           Power      Damage    Failure   Level
a - Sandblast             Erth           50%        2d12      1%          1

Your spell library contained the following spells:

 Spells                   Type           Power      Damage    Failure   Level
 Passwall                 Tmut/Erth      14%        N/A       4%          2
 Slow                     Hex            20%        N/A       11%         1
 Stone Arrow              Conj/Erth      30%        3d8       12%         3
 Confusing Touch          Hex            5%         N/A       32%         3
 Hailstorm                Conj/Ice       5%         3d4       32%         3
 Sigil of Binding         Hex            5%         N/A       32%         3
 Vampiric Draining        Necr           5%         2d6       32%         3
 Petrify                  Tmut/Erth      17%        N/A       32%         4
 Brom's Barrelling Bould  Conj/Erth      15%        2d4       38%         4
 Summon Ice Beast         Ice/Summ       5%         N/A       71%         4
 Simulacrum               Ice/Necr       2%         N/A       100%        6


Dungeon Overview and Level Annotations

Branches:
Dungeon (3/15)

Altars:
Fedhas


Message History

An orc and an orc wizard come into view.
The orc shouts!
The orc wizard shouts!
You hear a shout!
You see here an adder corpse.
The blast of sand hits the orc.
The orc is heavily wounded.
An orc comes into view.
It is wielding a +1 whip of electrocution.
The blast of sand hits the orc but does no damage.
The orc is heavily wounded.
The orc shouts!
The orc wizard casts a spell.
The orc wizard flickers and vanishes!
Deactivating autopickup; reactivate with Ctrl-A.
The orc barely misses you.
An orc priest comes into view. It is wielding a +0 morningstar.
The blast of sand hits the orc but does no damage.
The orc is heavily wounded.
The orc closely misses you.
An orc comes into view. It is wielding a +0 dagger.
The orc priest looks satisfied for a moment.
The blast of sand hits the orc but does no damage.
The orc is heavily wounded.
Something barely misses you. The orc closely misses you.
The blast of sand hits the orc.
You kill the orc!
Something hits you.
You hear some strange, mumbled words.
You are confused.
The orc attacks as it pursues you! The orc completely misses you.
Something hits you but does no damage. The orc closely misses you.
The orc priest invokes the aid of Beogh against you.
Beogh smites you! Something barely misses you.
A magic dart appears from out of thin air!
The magic dart hits you!
* * * LOW HITPOINT WARNING * * *
You feel less confused.
Items here: )))))) [[ †.
The orc priest mumbles some strange prayers to Beogh against you.
Pain shoots through your body!
You die...

........#.#....
............. ..!..).)##.#
#.?...†..# #.....#)†###
..... ########.o.#####.#
.....
##o.......#....###.....
#...####..............
###o)@)#.#....#.......
####>#.#..[.#.(.....
##########.#.#... #.......
...(....>....<..###.......
########........##........
#..................
#..###....###......
##.###..#### ##.....
#......## ######


You could see an orc priest and 2 orcs.

Vanquished Creatures
  Robin (D:3)
  3 adders
  A worm (D:2)
  An orc (D:3)
  3 bats
  3 endoplasms
  A giant cockroach (D:1)
  12 goblins
  5 hobgoblins
  3 jackals (D:2)
  5 ball pythons
  A kobold (D:2)
  3 rats
42 creatures vanquished.

Notes
Turn   | Place    | Note
-------+----------+-------------------------------------------
     0 | D:1      | Maratek the Deep Elf Earth Elementalist began the quest for
                  | the Orb.
     0 | D:1      | Reached XP level 1. HP: 10/10 MP: 6/6
   536 | D:1      | Reached XP level 2. HP: 15/15 MP: 6/8
   836 | D:2      | Found a blossoming altar of Fedhas.
   922 | D:2      | Reached XP level 3. HP: 15/19 MP: 3/10
  1520 | D:3      | Noticed Robin
  1534 | D:3      | Reached XP level 4. HP: 17/24 MP: 4/12
  1543 | D:3      | Killed Robin
  1607 | D:3      | HP: 1/24 [something/magic dart (10)]
  1609 | D:3      | Killed from afar by an orc priest

Illustrated notes

Levels and vault maps discovered:
D:1:      moated_graveyard_arrival, layout_loops_cross
D:2:      layout_basic, basic_altar
D:3:      layout_rooms, uniq_robin

Skill      XL: |  1  2 |
---------------+-------+-----
Earth Magic    | 4 |  4.5
Spellcasting   | 4 |  4.6
Fighting       | |  0.1
Dodging        | |  2.8
Stealth        | |  2.4
Transmutations | |  1.1

Action                     |  1- 3 |  4- 6 || total
---------------------------+-------+-------++-------
  Melee: Unarmed           |     2 |       ||     2
   Cast: Sandblast         |    46 |    15 ||    61
    Use: Potion            |       |     1 ||     1
 Armour: Robe              |    12 |     7 ||    19
  Dodge: Dodged            |    15 |    15 ||    30

Table legend: (Time is in decaauts)
 A = Elapsed time spent in this place.
 B = Non-inter-level travel time spent in this place.
 C = Inter-level travel time spent in this place.
 D = Time resting spent in this place.
 E = Time spent auto-exploring this place.
 F = Levels seen in this place.
 G = Mean time per level.
                   A        B        C        D        E       F      G
               +--------+--------+--------+--------+--------+-----+--------+
         Total |   1638 |   1550 |     88 |     46 |   1295 |   3 |  546.0 |
       Dungeon |   1638 |   1550 |     88 |     46 |   1295 |   3 |  546.0 |
               +--------+--------+--------+--------+--------+-----+--------+

Top non-repeatable levels by time:
     D:2: 778 daAuts
     D:1: 711 daAuts
     D:3: 148 daAuts
